 Dungeon Crawl Stone Soup version 0.31-a0-152-g6aa68a64a1 (webtiles) character file.

Game seed: 12658858711156596653

336 qw the Shooter (level 6, -6/40 HPs)
             Began as a Gargoyle Hunter on June 11, 2023.
             Killed from afar by Pikel (9 damage)
             ... with a bolt of light
             ... on level 4 of the Dungeon.
             The game lasted 00:01:05 (2656 turns).

qw the Shooter (Gargoyle Hunter)                    Turns: 2656, Time: 00:01:05

Health: -6/40      AC: 15    Str: 15    XL:     6   Next: 54%
Magic:  6/6        EV: 11    Int:  9    God:
Gold:   168        SH:  0    Dex: 15    Spells: 5/5 levels left

rFire   . . .        i - +0 shortbow (heavy)
rCold   . . .        (shield currently unavailable)
rNeg    + . .        d - +0 ring mail
rPois   inf          (no helmet)
rElec   +            j - +0 cloak
rCorr   .            k - +0 pair of gloves
SInv    .            (no boots)
Will    .....        (no amulet)
Stlth   +            p - +4 ring of protection
HPRegen 0.26/turn    (no ring)
MPRegen 0.10/turn

%: no passive effects
@: about to teleport
A: sickness immunity, AC +4, negative energy resistance 1, electricity
resistance, torment resistance 1, petrification resistance
a: no special abilities


You were on level 4 of the Dungeon.
You visited 1 branch of the dungeon, and saw 4 of its levels.

You collected 168 gold pieces.


Innate Abilities, Weirdness & Mutations

You are immune to sickness and miasma.
Your stone body is resilient. (AC +4)
You are immune to poison.
You resist negative energy. (rN+)
You are resistant to electric shocks. (rElec)
You are resistant to unholy torment.
You are immune to petrification.


   Skills:
 - Level 5.0 Fighting
 + Level 6.2 Ranged Weapons
 - Level 1.0 Armour
 - Level 1.5 Dodging
 - Level 1.1 Stealth


You had 5 spell levels left.
You didn't know any spells.
Your spell library was empty.

Inventory:

Hand Weapons
 i - a +0 heavy shortbow (weapon)
Armour
 d - a +0 ring mail (worn)
 j - a +0 cloak (worn)
 k - a +0 pair of gloves (worn)
Jewellery
 p - a +4 ring of protection (left hand)
Scrolls
 c - a scroll of identify
 n - a scroll of brand weapon
Potions
 a - a potion of mutation
 b - a potion of cancellation
 f - a potion of attraction {unknown}
 g - 2 potions of heal wounds {unknown}
 h - a potion of degeneration {unknown}
 l - a potion of magic {unknown}
 o - a potion of might {unknown}

Dungeon Overview and Level Annotations

Branches:
Dungeon (4/15)
 Temple: D:4-7

Altars:
Dithmenos
Fedhas
Gozag
Hepliaklqana
Makhleb

Annotations:
D:3 3 runed translucent doors, qw's ghost, weakling GrFi
D:4 Pikel


Message History

Pikel completely misses you. The lemure barely misses you.
You shoot an arrow.
The arrow hits the lemure but does no damage.
The lemure is moderately wounded.
Pikel barely misses you. The lemure hits you but does no damage.
The lemure misses you. Pikel hits you but does no damage.
An iguana comes into view.
You shoot an arrow. The iguana hisses angrily.
The arrow hits the lemure but does no damage.
The lemure is moderately wounded.
Pikel hits you but does no damage. The lemure barely misses you.
The iguana hisses menacingly.
Pikel closely misses you. The lemure hits you.
You shoot an arrow. The arrow hits the lemure!
The lemure is heavily wounded.
Pikel hits you with a +0 whip of electrocution.
The lemure barely misses you. The lemure closely misses you.
Pikel hits you but does no damage.
You shoot an arrow. The arrow hits the lemure!
The lemure is almost dead.
Pikel hits you but does no damage. The lemure hits you but does no damage.
You shoot an arrow. The arrow hits the lemure.
You kill the lemure!
That felt strangely unrewarding.
A lemure comes into view.
Pikel zaps a wand.
The bolt of light hits you!
You are confused.
Pikel hits you with a +0 whip of electrocution.
The lemure closely misses you.
2655 ||| DRINKING potion of curing.
You feel better.
2655 ||| (to cure confusion)
The lemure hits you but does no damage.
Pikel zaps a wand.
The bolt of light hits you!
2656 ||| READING scroll of teleportation.
As you read the scroll of teleportation, it crumbles to dust.
You feel strangely unstable. The lemure hits you but does no damage.
Pikel zaps a wand.
The bolt of light hits you!
You die...

## #. .. .#####. .....#5
###..lS ..<..55###
...##K@[###############
.>.......'..............
.#####...#.########.....
#...#.# #..... #...#.#
#..... #####.# #####.
..# #. ### ## ##


You could see Pikel, 3 lemures, an iguana and a ball python.

Vanquished Creatures
  Eustachio (D:4)
  A lemure (D:4)
  A scorpion (D:4)
  An orc wizard (D:4)
  2 adders
  7 dart slugs
  2 orcs (D:4)
  6 bats
  10 endoplasms
  5 giant cockroaches
  5 goblins
  7 hobgoblins
  4 jackals (D:3)
  5 kobolds
  6 quokkas
  7 ball pythons
  4 frilled lizards
  3 rats
77 creatures vanquished.

Notes
Turn   | Place    | Note
-------+----------+-------------------------------------------
     0 | D:1      | qw the Gargoyle Hunter began the quest for the Orb.
     0 | D:1      | Reached XP level 1. HP: 12/12 MP: 1/1
     0 | D:1      | 0 ||| qw: Version: 0.2-a-29-gdad1ea2
     0 | D:1      | 0 ||| qw: Game counter: 4065
     0 | D:1      | 0 ||| qw: Always use a shield: true
     0 | D:1      | 0 ||| qw: God list: Okawaru
     0 | D:1      | 0 ||| qw: Allow faded altars: false
     0 | D:1      | 0 ||| qw: Do Orc after D:15 true
     0 | D:1      | 0 ||| qw: Do second Lair branch before Depths: true
     0 | D:1      | 0 ||| qw: Lair rune preference: random
     0 | D:1      | 0 ||| qw: Plans: Normal, Zot:1-4, Slime:5, God:TSO, Crypt,
                  | Tomb, Abyss, Pan, Hells, Win
     0 | D:1      | 0 ||| PLANNING D:1-11
    54 | D:1      | Reached XP level 2. HP: 10/17 MP: 2/2
   392 | D:1      | Reached XP level 3. HP: 21/21 MP: 3/3
   705 | D:1      | Reached skill level 5 in Ranged Weapons
   899 | D:1      | 899 ||| UPGRADING to +0 ring mail.
   909 | D:1      | 909 ||| DROPPING +0 leather armour.
   910 | D:1      | 910 ||| READING scroll labelled HAANEO AKHLAXE.
   911 | D:1      | 911 ||| READING scroll labelled TURITEPPU WOSA.
   912 | D:1      | 912 ||| READING scroll labelled APSAALICOHO.
   913 | D:1      | 913 ||| READING scroll labelled HOAKOSOU ITAPS.
   914 | D:1      | 914 ||| DROPPING scroll of butterflies.
   980 | D:2      | 980 ||| READING scroll labelled IDIEFE XAEG.
  1010 | D:2      | Reached skill level 1 in Armour
  1224 | D:2      | 1224 ||| READING scroll labelled ESACO MEEDD.
  1362 | D:2      | 1362 ||| DRINKING 2 emerald potions.
  1363 | D:2      | 1363 ||| READING 2 scrolls of identify.
  1363 | D:2      | 1363 ||| IDENTIFYING viscous purple potion
  1491 | D:2      | Reached XP level 4. HP: 27/27 MP: 4/4
  1501 | D:2      | Reached skill level 3 in Fighting
  1534 | D:2      | 1534 ||| UPGRADING to +0 cloak.
  1539 | D:2      | 1539 ||| READING 2 scrolls labelled TORAQE LOXEN.
  1540 | D:2      | 1540 ||| DROPPING scroll of noise.
  1587 | D:3      | Found a runed translucent gate.
  1588 | D:3      | Found a runed translucent gate.
  1589 | D:3      | Found a runed translucent gate.
  1590 | D:3      | Found an opulent altar of Gozag.
  1591 | D:3      | Noticed qw's ghost (weakling GrFi)
  1718 | D:3      | Found a shadowy altar of Dithmenos.
  1771 | D:3      | Found a burning altar of Makhleb.
  1771 | D:3      | Found a hazy altar of Hepliaklqana.
  2117 | D:3      | Found a blossoming altar of Fedhas.
  2351 | D:3      | 2351 ||| UPGRADING to +0 pair of gloves.
  2356 | D:3      | 2356 ||| UPGRADING to +4 ring of protection.
  2357 | D:3      | 2357 ||| READING scroll labelled KUHEAQ OLEJ.
  2358 | D:3      | 2358 ||| DRINKING 2 clear potions.
  2359 | D:3      | 2359 ||| DRINKING 2 white potions.
  2360 | D:3      | 2360 ||| DROPPING potion of enlightenment.
  2389 | D:4      | Noticed a scorpion
  2392 | D:4      | Killed a scorpion
  2393 | D:4      | Reached skill level 6 in Ranged Weapons
  2393 | D:4      | Reached XP level 5. HP: 32/32 MP: 5/5
  2454 | D:4      | Noticed Eustachio
  2484 | D:4      | Killed Eustachio
  2485 | D:4      | Reached XP level 6. HP: 40/40 MP: 6/6
  2642 | D:4      | Noticed Pikel
  2654 | D:4      | HP: 10/40 [Pikel/+0 whip of electrocution (2)]
  2655 | D:4      | 2655 ||| DRINKING potion of curing.
  2655 | D:4      | 2655 ||| (to cure confusion)
  2655 | D:4      | HP: 3/40 [Pikel/bolt of light (14)]
  2656 | D:4      | 2656 ||| READING scroll of teleportation.
  2656 | D:4      | Killed from afar by Pikel

Levels and vault maps discovered:
D:1:      nagdon_arrival_zigzag_paths, layout_basic, minmay_tromino_i2
D:2:      layout_basic, serial_glass, glass_columns_b, glass_columns_b,
          glass_columns_b, glass_columns_b, glass_columns_c, glass_columns_a,
          glass_columns_b, glass_columns_b, glass_columns_c, glass_columns_c,
          glass_columns_b, glass_columns_a, glass_columns_c, glass_columns_b,
          palyth_stone_intersect
D:3:      layout_loops_cross, mainiacjoe_overflow_catwalk,
          amethyst_overflow_temple_binary, overflow_temple_1_default,
          ebering_ghost_gozag
D:4:      layout_basic, saegor_snake_ambush, uniq_eustachio, uniq_pikel

Skill      XL: |  1  2  3  4  5 |
---------------+----------------+-----
Ranged Weapons | 5 6 |  6.2
Armour         | 1 |  1.0
Fighting       | 3 5 |  5.0
Dodging        | |  1.5
Stealth        | |  1.1

Action                     |  1- 3 |  4- 6 || total
---------------------------+-------+-------++-------
   Fire: Shortbow          |   104 |   112 ||   216
    Use: Scroll            |     7 |     3 ||    10
         Potion            |     1 |     3 ||     4
 Armour: Leather armour    |    22 |       ||    22
         Ring mail         |     2 |    46 ||    48
  Dodge: Dodged            |    23 |    41 ||    64

Table legend:
 A = Non-vault XP
 B = Vault XP
 C = Vault XP percentage of total XP
 D = Non-vault monster count
 E = Vault monster count
 F = Vault count percentage of total count
                 A         B        C        D         E       F
            +---------+---------+-------+---------+---------+-------
      Total |     269 |     211 |  44.0 |      72 |       4 |   5.3
            +---------+---------+-------+---------+---------+-------
        D:1 |      44 |       6 |  12.0 |      23 |       2 |   8.0
        D:2 |      48 |       0 |   0.0 |      19 |       0 |   0.0
        D:3 |      55 |       0 |   0.0 |      23 |       0 |   0.0
        D:4 |     122 |     205 |  62.7 |       7 |       2 |  22.2
            +---------+---------+-------+---------+---------+-------
